 Dungeon Crawl Stone Soup version 0.23.2-40-g277498a001 (webtiles) character file.

Game seed: 4470442485919051021

13147 Marnok the Blocker (level 11, -22/95 HPs)
             Began as a Minotaur Fighter on Oct 5, 2019.
             Killed from afar by an orc sorcerer (30 damage)
             ... with a bolt of negative energy
             ... on level 11 of the Dungeon.
             The game lasted 00:43:29 (10067 turns).

Marnok the Blocker (Minotaur Fighter)              Turns: 10067, Time: 00:43:30

Health: -22/95     AC:  9    Str: 25    XL:     11   Next: 71%
Magic:  10/10      EV: 15    Int:  5    God:
Gold:   494        SH: 14    Dex: 13    Spells: 10/10 levels left

rFire    . . .     SeeInvis +   u - +11 spear of Kiykorus {pierce, rElec}
rCold    . . .     Gourm    .   q - +7 buckler of Zin's Approval {-Cast rElec Regen+}
rNeg     . . .     Faith    .   w - +1 robe of the Neverending Yaks {rCorr Dex+4}
rPois    .         Spirit   .   h - +2 hat
rElec    +         Reflect  .   m - scarf {cloud immunity}
rCorr    +         Harm     .   p - +1 pair of gloves
MR       +....     NoCast   +   y - +0 pair of boots
Stlth    ++........             (no amulet)
HPRegen  0.65/turn              l - ring of see invisible
MPRegen  0.12/turn              x - ring of protection from magic

@: drained
A: retaliatory headbutt, horns 2
a: no special abilities


You were on level 11 of the Dungeon.
You were not hungry.

You visited 3 branches of the dungeon, and saw 14 of its levels.

You collected 494 gold pieces.

Inventory:

Hand Weapons
 u - the +11 spear of Kiykorus (weapon) {pierce, rElec}
   (You found it on level 6 of the Dungeon)

   It inflicts extra damage upon your enemies.
   It insulates you from electricity.
Armour
 h - a +2 hat (worn)
 m - a scarf of cloud immunity (worn)
 p - a +1 pair of gloves (worn)
 q - the +7 buckler of Zin's Approval (worn) {-Cast rElec Regen+}
   (You found it on level 5 of the Dungeon)

   It insulates you from electricity.
   It prevents spellcasting.
   It increases your rate of regeneration.
 w - the +1 robe of the Neverending Yaks (worn) {rCorr Dex+4}
   (You found it on level 10 of the Dungeon)

   It affects your dexterity (+4).
   It provides partial protection from all sources of acid and corrosion.
 y - a +0 pair of boots (worn)
Jewellery
 l - a ring of see invisible (left hand)
 x - a ring of protection from magic (right hand)
 C - an uncursed ring of positive energy {unknown}
 D - a +2 ring of protection {unknown}
Wands
 j - a wand of iceblast (15)
 F - a wand of disintegration (10)
 N - a wand of polymorph (12)
Scrolls
 k - 2 scrolls of fear
 o - 6 scrolls of remove curse
 r - 2 scrolls of magic mapping
 G - a scroll of fog
 J - 3 scrolls of identify
 Q - a scroll of brand weapon {unknown}
Potions
 e - 4 potions of berserk rage
 g - 3 potions of agility
 n - 9 potions of curing
 z - a potion of ambrosia
 B - a potion of flight
Comestibles
 a - 13 chunks of flesh
 f - 19 rations


   Skills:
 + Level 8.8(8.1) Fighting
   Level 6.4(6.1) Short Blades
   Level 3.3(4.9) Long Blades
 + Level 9.2(8.5) Polearms
 + Level 9.1(8.4) Armour
 + Level 7.3(6.6) Dodging
 + Level 3.0(2.4) Stealth
 + Level 12.7(11.9) Shields


You had 10 spell levels left.
You didn't know any spells.
Your spell library contained the following spells:

 Spells                   Type           Power        Failure   Level  Hunger
 Sandblast                Erth           #.....       47%         1    ##.....
 Passwall                 Tmut/Erth      #.......     63%         2    ###....
 Stone Arrow              Conj/Erth      #.....       85%         3    ####...
 Petrify                  Tmut/Erth      #.......     99%         4    #####..
 Lee's Rapid Deconstruct  Erth           #.........   100%        5    ######.


Dungeon Overview and Level Annotations

Branches:
Dungeon (12/15)            Temple (1/1) D:7            Lair (0/6) D:8
    Orc (1/2) D:11

Altars:
Cheibriados
Dithmenos
Elyvilon
Fedhas
Gozag
Hepliaklqana
Makhleb
Nemelex Xobeh
Qazlal
Sif Muna
Trog
Uskayaw
Vehumet
Yredelemnul
The Shining One
Beogh

Shops:
D:8 (


Innate Abilities, Weirdness & Mutations

You reflexively headbutt those who attack you in melee.
You have a pair of horns on your head.


Message History

You climb upwards.
Welcome back to the Dungeon!
The red devil disappears in a puff of smoke! x2
There is a staircase to the Orcish Mines, spattered with blood here.
As you read the scroll of fear, it crumbles to dust.
You assume a fearsome visage.
The orc priest looks frightened!
The orc sorcerer resists with almost no effort.
The orc sorcerer hits you with a +0 dagger.
* * * LOW HITPOINT WARNING * * *
Okay, then.
You impale the orc sorcerer!! Your headbutt misses the orc sorcerer.
The orc sorcerer is severely wounded.
You block the orc sorcerer's attack.
You hit the orc sorcerer but do no damage.
You headbutt the orc sorcerer, but do no damage.
The orc sorcerer is severely wounded.
You puncture the orc sorcerer! Your headbutt misses the orc sorcerer.
The orc sorcerer is almost dead.
The orc sorcerer gestures at you while chanting.
The bolt of negative energy hits you!!
You feel drained.
You die...

#.####### #.......# #..###..
#.......# #.)....<# ##...'..
#.#####.####..)....# #####..
####...#...'.##.......# #..
#([(.###.#>#.##.......# #..
#)##.....#)#..#....o..# #..
..####'######.'.......# #..
### #.# ###[o[....# #.. #.#
##@#'#### ##' #.# ###.# #.
#.# #.# #. #.# #.##
#########' ######.# #..#
#≈≈≈≈≈≈≈≈≈ .......## ##.#
#≈#######≈ ######..### #.#
#≈#.....#≈ #....#
#(####.'.....#≈
#.##.#########...#..'...()#≈


You could see an orc sorcerer and an orc priest (fleeing).

Vanquished Creatures
  Fannar (D:10)
  The ghost of Squonk the Slasher, a novice DrWr of Makhleb (D:7)
  The ghost of Aggronaut the Cleaver, a novice DrBe of Trog (D:6)
  An unseen horror (D:11)
  Pikel (D:7)
  2 ugly things (D:11)
  An orc knight (D:11)
  A manticore (D:11)
  Maurice (D:9)
  A hippogriff (D:8)
  A shadow (D:11)
  A wyvern (D:8)
  A human (D:7)
  8 yaks
  4 hogs (D:7)
  Menkaure (D:7)
  3 water moccasins
  8 orc warriors
  2 sky beasts
  3 slaves (D:7)
  5 phantoms
  A hornet zombie (D:9)
  A black bear (D:8)
  10 ogres
  5 centaurs
  A big kobold (D:10)
  6 bullfrogs
  A water moccasin zombie (D:11)
  A scorpion (D:4)
  8 killer bees
  5 wights (D:7)
  5 howler monkeys
  3 crimson imps
  A centaur zombie (D:8)
  A quasit (D:9)
  11 orc priests
  A centaur skeleton (D:10)
  8 hounds
  10 orc wizards
  4 bullfrog skeletons
  Crazy Yiuf (D:7)
  An iguana (D:11)
  10 worker ants
  2 hound skeletons
  A howler monkey zombie (D:8)
  9 adders
  3 gnolls (D:8)
  3 shadow imps
  3 adder skeletons
  A dart slug (D:2)
  3 leopard geckos
  52 orcs
  9 giant cockroaches
  A hobgoblin (D:3)
  17 jackals
  5 quokkas
  2 ball pythons
  6 bats
  9 frilled lizards
  9 goblins
  7 kobolds
  2 leopard gecko skeletons (D:5)
  6 rats
293 creatures vanquished.

Vanquished Creatures (others)
  An orc warrior (Orc:1)
  An orc (Orc:1)
  A giant cockroach (D:7)
  A jackal (D:5)
4 creatures vanquished.

Grand Total: 297 creatures vanquished

Notes
Turn   | Place    | Note
-------+----------+-------------------------------------------
     0 | D:1      | Marnok the Minotaur Fighter began the quest for the Orb.
     0 | D:1      | Reached XP level 1. HP: 19/19 MP: 0/0
   292 | D:1      | Reached XP level 2. HP: 26/27 MP: 1/1
  1376 | D:2      | Found a burning altar of Makhleb.
  1459 | D:2      | Reached skill level 4 in Shields
  1459 | D:2      | Reached XP level 3. HP: 33/33 MP: 2/2
  1754 | D:2      | Found a stormy altar of Qazlal.
  2063 | D:3      | Found a bloodstained altar of Trog.
  2328 | D:3      | Found a basalt altar of Yredelemnul.
  2344 | D:3      | Reached XP level 4. HP: 40/40 MP: 3/3
  2489 | D:3      | Found a shadowy altar of Dithmenos.
  2573 | D:4      | Found a burning altar of Makhleb.
  2574 | D:4      | Found a radiant altar of Vehumet.
  2589 | D:4      | Noticed an ogre
  2597 | D:4      | Killed an ogre
  2597 | D:4      | Reached skill level 1 in Short Blades
  2597 | D:4      | Reached XP level 5. HP: 29/46 MP: 4/4
  2602 | D:4      | Reached skill level 1 in Dodging
  2602 | D:4      | Reached skill level 5 in Shields
  2607 | D:4      | Reached skill level 5 in Armour
  2607 | D:4      | Reached XP level 6. HP: 24/53 MP: 5/5
  2765 | D:5      | Entered Level 5 of the Dungeon
  3240 | D:4      | Reached skill level 1 in Stealth
  3240 | D:4      | Reached XP level 7. HP: 43/60 MP: 6/6
  3255 | D:4      | Reached skill level 6 in Shields
  3391 | D:5      | Reached skill level 5 in Fighting
  3485 | D:5      | Got a faintly humming buckler
  3547 | D:5      | Identified the +7 buckler of Zin's Approval {-Cast rElec
                  | Regen+} (You found it on level 5 of the Dungeon)
  3638 | D:5      | Found a sparkling altar of Nemelex Xobeh.
  4031 | D:6      | Reached skill level 5 in Short Blades
  4031 | D:6      | Reached skill level 7 in Shields
  4031 | D:6      | Reached XP level 8. HP: 56/68 MP: 7/7
  4049 | D:6      | Found a hazy altar of Hepliaklqana.
  4094 | D:6      | Found an opulent altar of Gozag.
  4302 | D:6      | Found a white marble altar of Elyvilon.
  4360 | D:6      | Found a runed translucent gate.
  4362 | D:6      | Found a runed translucent gate.
  4364 | D:6      | Found a runed translucent gate.
  4365 | D:6      | Noticed Aggronaut's ghost (novice DrBe)
  4527 | D:7      | Noticed Pikel
  4908 | D:6      | Killed Aggronaut's ghost
  4908 | D:6      | Reached skill level 8 in Shields
  5048 | D:6      | Got a steaming spear
  5413 | D:7      | Found a deep blue altar of Sif Muna.
  5568 | D:7      | Reached XP level 9. HP: 59/75 MP: 8/8
  5580 | D:7      | Found a staircase to the Ecumenical Temple.
  5626 | Temple   | Entered the Ecumenical Temple
  5633 | Temple   | Identified the +11 spear of Kiykorus {pierce, rElec} (You
                  | found it on level 6 of the Dungeon)
  5682 | D:7      | Noticed Menkaure
  5683 | D:7      | Found a runed translucent door.
  5690 | D:7      | Killed Menkaure
  5690 | D:7      | Reached skill level 9 in Shields
  5697 | D:8      | Found Joung's Antique Weapon Emporium.
  5717 | D:7      | Noticed Squonk's ghost (novice DrWr)
  5776 | D:7      | Reached skill level 1 in Polearms
  5784 | D:7      | Killed Squonk's ghost
  6027 | D:7      | Killed Pikel
  6027 | D:7      | Reached skill level 10 in Shields
  6110 | D:7      | Reached XP level 10. HP: 62/86 MP: 9/9
  6228 | D:7      | Found a runed translucent door.
  6229 | D:7      | Noticed Crazy Yiuf
  6235 | D:7      | Killed Crazy Yiuf
  6282 | D:7      | You fall through a shaft for 2 floors!
  6319 | D:9      | Noticed Maurice
  6338 | D:9      | Killed Maurice
  6338 | D:9      | Reached skill level 5 in Dodging
  6377 | D:9      | Got a smoking hand axe
  6456 | D:8      | Noticed a +0 hand axe
  6457 | D:8      | Found a hide-covered altar of Uskayaw.
  6458 | D:8      | Noticed a +0 hand axe
  6704 | D:8      | Reached skill level 5 in Polearms
  6708 | D:8      | Found a roughly hewn altar of Beogh.
  6734 | D:8      | Reached skill level 11 in Shields
  6945 | D:8      | Found a staircase to the Lair.
  7356 | D:10     | Entered Level 10 of the Dungeon
  7413 | D:10     | Got a slimy robe
  7424 | D:10     | Identified the +1 robe of the Neverending Yaks {rCorr
                  | Dex+4} (You found it on level 10 of the Dungeon)
  7748 | D:9      | Reached XP level 11. HP: 76/94 MP: 10/10
  8031 | D:9      | Found a glowing golden altar of the Shining One.
  8175 | D:10     | Reached skill level 12 in Shields
  8347 | D:10     | Noticed Fannar
  8372 | D:10     | Killed Fannar
  8724 | D:11     | Noticed a green ugly thing
  8734 | D:11     | Killed a green ugly thing
  8755 | D:11     | Noticed a red ugly thing
  8768 | D:11     | Killed a red ugly thing
  8948 | D:11     | Found a staircase to the Orcish Mines.
  8987 | D:11     | Got a warped leather armour
  8988 | D:11     | Identified the +1 leather armour of Amelioration {rC+ Int+7
                  | Dex+2} (You found it on level 11 of the Dungeon)
  9011 | D:11     | Noticed an unseen horror
  9018 | D:11     | Killed an unseen horror
  9621 | Orc:1    | Entered Level 1 of the Orcish Mines
  9622 | Orc:1    | Noticed an orc high priest
  9736 | Orc:1    | Noticed an orc knight
  9760 | D:11     | Noticed a soul eater
  9955 | D:11     | Killed an orc knight
  9980 | Orc:1    | Noticed an orc sorcerer
 10057 | Orc:1    | Paralysed by an orc sorcerer for 4 turns
 10067 | D:11     | Killed from afar by an orc sorcerer

Skill      XL: |  1  2  3  4  5  6  7  8  9 10 11 |
---------------+----------------------------------+-----
Fighting       | 4 5 7 8 |  8.8
Long Blades    | 3 |  3.3
Armour         | 4 5 6 8 9 |  9.1
Shields        | 4 5 7 8 10 11 12 | 12.7
Short Blades   | 1 2 3 5 6 |  6.4
Dodging        | 1 2 3 4 6 7 |  7.3
Stealth        | 1 3 |  3.0
Polearms       | 3 6 9 |  9.2

Action                   |  1- 3 |  4- 6 |  7- 9 | 10-12 || total
-------------------------+-------+-------+-------+-------++-------
Melee: Long sword        |    26 |       |       |       ||    26
       Dagger            |   109 |   109 |   230 |       ||   448
       Headbutt          |    10 |    12 |    68 |    87 ||   177
       Spear             |       |       |   123 |   465 ||   588
  Use: Potion            |       |     4 |     3 |     7 ||    14
       Scroll            |       |     7 |     6 |     5 ||    18
 Stab: Sleeping          |       |       |       |     3 ||     3
  Eat: Chunk             |     4 |     3 |     6 |    13 ||    26
       Ration            |       |       |     1 |       ||     1
Armor: Scale mail        |    48 |    40 |   109 |    34 ||   231
       Robe              |       |       |       |    39 ||    39
Dodge: Dodged            |    27 |    21 |   107 |   167 ||   322
Block: Shield            |    42 |    56 |    24 |       ||   122
       Buckler           |       |       |   174 |   284 ||   458
